 Dungeon Crawl Stone Soup version 0.22-a0-231-g1b571ea (webtiles) character file.

250 Amnesiac the Charlatan (level 5, -8/26 HPs)
             Began as a Spriggan Artificer on Feb 20, 2018.
             Was an Initiate of Gozag.
             Killed themself with a badly aimed iceblast (21 damage)
             ... on level 2 of the Dungeon.
             The game lasted 00:06:50 (4307 turns).

Amnesiac the Charlatan (Spriggan Artificer)         Turns: 4307, Time: 00:06:51

Health: -8/26      AC:  2    Str:  9    XL:     5   Next: 88%
Magic:  10/10      EV: 20    Int: 12    God:    Gozag
Gold:   444        SH:  0    Dex: 17    Spells: 4/4 levels left

rFire    . . .     SeeInvis +   b - +0 hunting sling
rCold    . . .     Gourm    .   (shield restricted)
rNeg     . . .     Faith    .   v - +0 robe
rPois    .         Spirit   .   (helmet restricted)
rElec    .         Reflect  .   y - scarf {cloud immunity}
rCorr    .         Harm     .   (gloves unavailable)
MR       .....                  (boots unavailable)
Stlth    ++........             (no amulet)
HPRegen  0.08/turn              (no ring)
MPRegen  0.12/turn              (no ring)

@: very quick
A: very small, unfitting armour, see invisible, herbivore, speed 3, slow
metabolism 2
a: Potion Petition, Call Merchant, Bribe Branch, Renounce Religion


You were on level 2 of the Dungeon.
You worshipped Gozag.
Gozag was aware of your devotion.
You were very full.

You visited 1 branch of the dungeon, and saw 4 of its levels.

You collected 489 gold pieces.
You paid 45 gold pieces to Gozag.

Inventory:

Hand Weapons
 a - a +0 short sword
 b - a +0 hunting sling (weapon)
Missiles
 l - 62 stones
 o - 11 sling bullets (quivered)
 p - 4 tomahawks
 A - 3 poisoned needles
Armour
 v - a +0 robe (worn)
 y - a scarf of cloud immunity (worn)
Jewellery
 w - an uncursed ring of fire
Wands
 d - a wand of enslavement (15)
 e - a wand of random effects (11)
 u - a wand of polymorph (13)
Scrolls
 g - 4 scrolls of identify {!r}
 i - a scroll of noise {!r, unknown}
 j - 2 scrolls of fog {!r, unknown}
 k - 2 scrolls of remove curse {!r}
 m - 2 scrolls of blinking {!r, unknown}
 n - a scroll of enchant weapon {!r, unknown}
 q - 3 scrolls of teleportation {!r}
Potions
 h - a potion of heal wounds {!q, unknown}
 r - 2 potions of curing {!q, unknown}
 s - 3 potions of lignification {!q, unknown}
 t - a potion of flight {!q, unknown}
 x - a potion of degeneration {!q, unknown}
 B - a potion of haste {!q}
Comestibles
 f - 2 rations


   Skills:
 + Level 2.2 Fighting
 + Level 2.9 Short Blades
 + Level 4.6 Dodging
 - Level 2.0 Stealth
 * Level 6.3 Evocations


You had 4 spell levels left.
You didn't know any spells.

Dungeon Overview and Level Annotations

Branches:
Dungeon (4/15)
 Temple: D:4-7

Altars:
Cheibriados
Gozag

Annotations:
D:2 Natasha


Innate Abilities, Weirdness & Mutations

You are very small and have problems with some larger weapons.
You are too small for most types of armour.
You have supernaturally acute eyesight. (SInv)
You are a herbivore.
You cover ground extremely quickly.
You need consume almost no food.


Message History

Aiming: Random Effects
Press: ? - help, Shift-Dir - straight line, f/p - Natasha
Aim: Natasha, carrying a wand of flame (26) (heavily wounded) Natasha seems to slow down.
Natasha disappears!
An iron imp is nearby!
There is a stone staircase leading up here.
You climb upwards.
There is a stone staircase leading down here.
You start resting.
HP restored.
You climb downwards.
Level annotation: Natasha
There is a stone staircase leading up here.
There is a stone staircase leading down, spattered with blood here.
o - 4 sling bullets (gained 1)
You now have 444 gold pieces (gained 6).
o - 5 sling bullets (gained 1)
o - 6 sling bullets (gained 1)
o - 9 sling bullets (gained 3)
You see here a helmet.
o - 10 sling bullets (gained 1)
o - 11 sling bullets (gained 1)
o - 13 sling bullets (gained 2) Done exploring.
Done exploring.
Done exploring.
Done exploring.
Level map cleared.
There is an open door here.
Found a stone staircase leading down.
HP restored.
Found a dagger.
You see here a dagger.
There is an open door here.
Found a ring mail.
Found 14 arrows.
You see here 14 arrows.
Natasha is too close now for your liking.
Natasha is nearby!
Natasha is nearby!
Firing (i - inventory. (/) - cycle)
o - 13 sling bullets (quivered)
Press: ? - help, Shift-Dir - straight line, f - Natasha
Aim: Natasha, carrying a wand of flame (26) (hasn't noticed you)
You shoot a sling bullet.
The sling bullet closely misses Natasha.
Natasha hisses angrily.
Natasha zaps a wand.
The puff of flame hits you!
Firing (i - inventory. (/) - cycle)
o - 12 sling bullets (quivered)
Press: ? - help, Shift-Dir - straight line, f/p - Natasha
Aim: Natasha, carrying a wand of flame (25)
You shoot a sling bullet. The sling bullet barely misses Natasha.
Natasha casts a spell at you. The magic dart hits you!
* * * LOW HITPOINT WARNING * * *
Evoke which item? (* to show all) (? for menu, Esc to quit)
Aiming: Random Effects
Press: ? - help, Shift-Dir - straight line, f/p - Natasha
Aim: Natasha, carrying a wand of flame (25)
The mass of ice explodes!
The iceblast engulfs Natasha.
Natasha is heavily wounded.
The iceblast engulfs you!
Ouch! That really hurt!
You die...
Your body crumbles into a pile of gold.

*,....,,,,,,*,**,* *,,,
***..#**##***,**,****,**
********..#
*..,,,,,,,[,,,,,,
*,,,,,,,..#
*.#****,*,****,**
**,*****#.# *.#
*,*,****,** *s* #.# *.#
*,*,,,,,,,* *,* #.# *(#
*,******,,*
#.######.###h# *,* *,,*
#........#.@.# *,* *,,*
#.###........#
*,******,,* *,*
#.######.#****>,,,,,,,,,
*** #.#
*.#,,,,,,,,,,,,,,
#.########,***,*******,,
#........#.# *,* ****,,
########.#.# *,****,,,,,
#.#.# *,,,,,,,,,,
*****########.#.#
******,****


You could see Natasha.

Vanquished Creatures
  A bullfrog (D:2)
  Natasha (twice) (D:3 D:2)
  5 adders
  2 oozes
  3 worms
  A dart slug (D:2)
  5 leopard geckos
  4 orcs (D:3)
  7 bats
  2 giant cockroaches (D:2)
  8 hobgoblins
  2 quokkas (D:3)
  A ball python (D:3)
  5 frilled lizards
  6 goblins
  3 kobolds
  15 rats
72 creatures vanquished.

Notes
Turn   | Place    | Note
-------+----------+-------------------------------------------
     0 | D:1      | Amnesiac the Spriggan Artificer began the quest for the Orb.
     0 | D:1      | Reached XP level 1. HP: 9/9 MP: 4/4
   155 | D:1      | Reached XP level 2. HP: 12/14 MP: 6/6
   174 | D:1      | Reached skill level 1 in Fighting
   377 | D:2      | Noticed a bullfrog
   623 | D:3      | Found a snail-covered altar of Cheibriados.
   835 | D:3      | Found an opulent altar of Gozag.
   843 | D:3      | Became a worshipper of Gozag Ym Sagoz the Greedy
   905 | D:2      | Killed a bullfrog
   905 | D:2      | Reached skill level 5 in Evocations
   905 | D:2      | Reached XP level 3. HP: 11/18 MP: 7/7
   905 | D:2      | Reached XP level 4. HP: 14/22 MP: 8/8
  2182 | D:2      | Reached XP level 5. HP: 16/26 MP: 10/10
  2819 | D:3      | Noticed Natasha
  2831 | D:3      | Killed Natasha
  2831 | D:3      | Reached skill level 6 in Evocations
  3706 | D:3      | Noticed Natasha
  3726 | D:2      | Killed Natasha
  3821 | D:2      | Noticed Natasha
  4307 | D:2      | Killed themself with a badly aimed iceblast

Vault maps used:
D:1:      dpeg_arrival_shrine, st_stairs_6
D:2:      minmay_tromino_i4
D:3:      cheibriados_altar_1, grunt_gozag_statues, minivault_23,
          kennysheep_generic_room_8, uniq_natasha
D:4:      minitemple, serial_shops, shop

Skill      XL: |  1  2  3  4  5 |
---------------+----------------+-----
Fighting       | 1 2 |  2.2
Stealth        | 2 |  2.0
Short Blades   | 2 |  2.9
Evocations     | 5 6 |  6.3
Dodging        | 4 |  4.6

Action                   |  1- 3 |  4- 6 || total
-------------------------+-------+-------++-------
Melee: Short sword       |    55 |   115 ||   170
 Fire: Hunting sling     |       |   115 ||   115
Evoke: Wand              |     6 |    13 ||    19
  Use: Scroll            |       |     3 ||     3
 Stab: Sleeping          |     2 |     4 ||     6
       Distracted        |     1 |       ||     1
  Eat: Ration            |       |     4 ||     4
Armor: Robe              |     5 |     4 ||     9
Dodge: Dodged            |    67 |   148 ||   215

Table legend:
 A = Spawn XP
 B = Non-spawn XP
 C = Spawn XP percentage of total XP
 D = Spawn monster count
 E = Non-spawn monster count
 F = Spawn count percentage of total count
 G = Total turns spent on level
                    A         B        C        D         E        F      G
               +---------+---------+-------+---------+---------+-------+---------
         Total |       0 |     358 |   0.0 |       0 |      72 |   0.0 |  4307
               +---------+---------+-------+---------+---------+-------+---------
           D:1 |       0 |      43 |   0.0 |       0 |      29 |   0.0 |  1167
           D:2 |       0 |     195 |   0.0 |       0 |      21 |   0.0 |  1629
           D:3 |       0 |     120 |   0.0 |       0 |      22 |   0.0 |  1501
               +---------+---------+-------+---------+---------+-------+---------
